Bruins vs Reign

Created - Wednesday, December 23, 2015 at 02:40

Goals
1 2 3 OT1 SO T
Bruins 0 1 0 0 0 1
Reign 0 1 0 0 1 2
Shots
1 2 3 OT1 SO T
Bruins 5 5 14 1 3 25
Reign 7 9 13 5 3 34

1st period

No Goal

Penalties :
Brian McGrattan (ONT) for Fighting (Major) at 3:28, Buddy Robinson (Pro) for Fighting (Major) at 3:28, Buddy Robinson (Pro) for instigated a fight (Minor) at 3:28, Buddy Robinson (Pro) for instigated a fight (10 Minutes Misconduct) at 3:28, Marko Dano (Pro) for Roughing (Minor) at 16:06, Dennis Rasmussen (Pro) for Holding (Minor) at 19:11

2nd period

1. Reign , Kevin Bieksa 6 (Luke Gazdic, Justin Falk) at 0:16 (PP)
2. Bruins , Dennis Everberg 4 (Kevin Porter, Johan Alm) at 17:45

Penalties :
Cody Beach (ONT) for Tripping (Minor) at 4:11

3rd period

No Goal

Penalties :
Dennis Everberg (Pro) for High sticking (Minor) at 0:05, Luke Gazdic (ONT) for Fighting (Major) at 3:18, Raman Hrabarenka (Pro) for Fighting (Major) at 3:18, Matej Stransky (ONT) for Fighting (Major) at 3:49, Buddy Robinson (Pro) for Fighting (Major) at 3:49, Luke Gazdic (ONT) for Fighting (Major) at 9:56, Buddy Robinson (Pro) for Fighting (Major / Game Misconduct) at 9:56

Overtime #1

No Goal

Penalties :
No Penalty

Shootout

Penalty Shot by Marko Dano for Bruins - Shot Misses the Net
Penalty Shot by Teuvo Teravainen for Reign - Shot Misses the Net
Penalty Shot by Dennis Everberg for Bruins - Stopped by Troy Grosenick
Penalty Shot by Jason Jaffray for Reign - Stopped by Connor Hellebuyck
Penalty Shot by Kevin Porter for Bruins - Shot Misses the Net
Penalty Shot by Tom Kostopoulos for Reign - Goal!

Penalties :
No Penalty

Goalie Stats

Connor Hellebuyck (Pro), 33 saves from 34 shots - (0.971), OTL, 1-1-2, 65:00 minutes
Troy Grosenick (ONT), 24 saves from 25 shots - (0.960), W, 16-8-11, 65:00 minutes

Players Stats for Bruins

Player Name              G  A  P  +/- PIM S  H  SB GA TA FO     MP     PP MP  PK MP  
------------------------------------------------------------------------------------
Andrew Agozzino          0  0  0   0  0   1  0  0  0  0  8/11   17:58   1:10   0:00 
Andrew Cherniwchan       0  0  0   0  0   3  1  1  1  0  1/2    14:19   0:00   1:10 
Beau Schmitz             0  0  0   0  0   0  1  0  0  0  0/0     5:48   0:00   0:00 
Borna Rendulic           0  0  0   0  0   2  0  0  1  0  0/0    14:05   1:10   0:49 
Buddy Robinson           0  0  0   0  37  1  0  0  1  0  1/1     6:54   0:00   0:00 
Cole Schneider           0  0  0   0  0   3  1  2  1  1  2/2    18:44   1:10   0:46 
Conor Allen              0  0  0   0  0   0  4  2  1  1  0/0    22:54   1:07   4:25 
Dennis Everberg          1  0  1   1  2   2  0  0  3  2  0/0    22:05   0:49   3:03 
Dennis Rasmussen         0  0  0   0  2   2  3  0  2  0  2/3    10:33   0:00   0:00 
Johan Alm                0  1  1   1  0   0  0  1  1  3  0/0    16:49   0:00   0:00 
Jordan Oesterle          0  0  0   0  0   1  1  0  0  2  0/0    21:59   0:52   2:37 
Kael Mouillierat         0  0  0   0  0   1  1  0  1  1  2/4    19:38   0:00   0:23 
Kevin Czuczman           0  0  0   1  0   0  1  1  0  0  0/0    15:00   0:00   0:00 
Kevin Porter             0  1  1   1  0   4  0  0  2  2  1/1    17:03   0:49   2:31 
Magnus Nygren            0  0  0   0  0   1  0  3  0  0  0/0    21:59   0:52   2:37 
Marc Hagel               0  0  0   0  0   0  3  0  0  3  1/1    18:07   0:00   1:22 
Marko Dano               0  0  0   1  2   4  1  1  4  1  3/16   23:23   0:49   4:00 
Raman Hrabarenka         0  0  0   0  5   0  1  3  0  4  0/0    25:28   1:07   4:25 

Players Stats for Reign

Player Name              G  A  P  +/- PIM S  H  SB GA TA FO     MP     PP MP  PK MP  
------------------------------------------------------------------------------------
Brett Olson              0  0  0  -1  0   1  1  0  2  0  3/5    17:38   2:58   0:00 
Brian McGrattan          0  0  0  -1  5   2  1  1  1  1  3/6    20:10   2:27   0:00 
C.J. Stretch             0  0  0   0  0   0  0  0  4  3  0/6    18:40   0:00   1:35 
Cody Beach               0  0  0   0  2   1  3  0  1  0  0/0    15:13   0:00   0:00 
Davis Drewiske           0  0  0   0  0   3  1  2  0  1  0/0    14:23   0:00   0:00 
Derek Forbort            0  0  0   0  0   0  3  1  0  0  0/0    23:20   2:50   1:19 
Evan Oberg               0  0  0   0  0   0  1  0  1  0  0/0     4:39   0:00   0:00 
Jared Knight             0  0  0   0  0   0  2  0  0  0  4/5    13:58   1:59   0:00 
Jason Jaffray            0  0  0  -1  0   5  1  0  2  0  2/2    18:46   2:58   0:24 
Justin Falk              0  1  1  -1  0   7  0  0  2  1  0/0    22:37   4:12   0:40 
Kevin Bieksa             1  0  1  -1  0   6  1  0  5  1  0/0    27:16   4:12   0:40 
Luke Gazdic              0  1  1   0  10  1  3  0  8  0  0/2    17:21   3:42   0:00 
Matej Stransky           0  0  0   0  5   0  1  0  0  0  0/0     5:44   0:00   0:00 
Nathan Paetsch           0  0  0   0  0   1  0  1  1  4  0/0    23:20   2:50   1:19 
Taylor Doherty           0  0  0   0  0   1  1  0  0  1  0/0    14:23   0:00   0:00 
Teuvo Teravainen         0  0  0   0  0   0  1  1  2  1  1/2    16:53   0:00   1:35 
Tom Kostopoulos          0  0  0   0  0   3  2  1  3  0  0/0    21:56   2:58   0:00 
William Karlsson         0  0  0   0  0   3  2  0  0  0  7/13   21:34   4:04   0:24 

3 Stars

1 - Connor Hellebuyck (Pro)
2 - Troy Grosenick (ONT)
3 - Kevin Bieksa (ONT)

Power Play

Bruins - 0 on 1 Attempt(s) - 0.00%
Reign - 1 on 4 Attempt(s) - 25.00%

Penalty Kill

Bruins - 3 on 4 Attempt(s) - 75.00% - Score 0 goal in Penalty Kill
Reign - 1 on 1 Attempt(s) - 100.00% - Score 0 goal in Penalty Kill

Team Stat

Bruins - Hits : 18 - Faceoff Wins : 21 - Blocked Shots : 14 - Penalty Minutes : 48
Reign - Hits : 24 - Faceoff Wins : 20 - Blocked Shots : 7 - Penalty Minutes : 22

Official

Referees : Unknown
Linesman : Unknown

Game Notes

Brian McGrattan beats up Buddy Robinson at 3:28 of 1st period
Raman Hrabarenka beats up Luke Gazdic at 3:18 of 3rd period
Matej Stransky beats up Buddy Robinson at 3:49 of 3rd period
Borna Rendulic is injured at 7:39 of 3rd period (Bruised Left Foot)
Buddy Robinson beats up Luke Gazdic at 9:56 of 3rd period
Buddy Robinson ejected from game at 9:56 of 3rd period

Finance

Level 1 -- Attendance: 1629 (81.45%) -- Ticket Income $48,870
Level 2 -- Attendance: 724 (72.40%) -- Ticket Income $8,688
Total Attendance: 2353 (78.43%)
Total Ticket Income: $57,558
Other Income: $28,203
Total Income: $85,761

Bruins

5 vs 5 Forward 
   Center                   Left Wing                Right Wing               Time % Phy DF OF 
 1 Marko Dano               Dennis Everberg          Kevin Porter             35     1   2  2  
 2 Andrew Agozzino          Cole Schneider           Borna Rendulic           30     1   2  2  
 3 Kael Mouillierat         Marc Hagel               Buddy Robinson           22     1   2  2  
 4 Dennis Rasmussen         Andrew Cherniwchan       Marko Dano               13     1   2  2  

5 vs 5 Defense 
   Defense                  Defense                                           Time % Phy DF OF 
 1 Raman Hrabarenka         Conor Allen                                       35     1   2  2  
 2 Magnus Nygren            Jordan Oesterle                                   30     1   2  2  
 3 Johan Alm                Kevin Czuczman                                    22     1   2  2  
 4 Beau Schmitz             Raman Hrabarenka                                  13     1   2  2  

PowerPlay Forward 
   Center                   Left Wing                Right Wing               Time % Phy DF OF 
 1 Marko Dano               Dennis Everberg          Kevin Porter             60     1   2  2  
 2 Andrew Agozzino          Cole Schneider           Borna Rendulic           40     1   2  2  

PowerPlay Defense
   Defense                  Defense                                           Time % Phy DF OF 
 1 Raman Hrabarenka         Conor Allen                                       60     1   2  2  
 2 Magnus Nygren            Jordan Oesterle                                   40     1   2  2  

Penalty Kill 4 Players Forward 
   Center                   Wing                     Time % Phy DF OF 
 1 Marko Dano               Dennis Everberg          60     1   2  2  
 2 Kevin Porter             Borna Rendulic           40     1   2  2  

Penalty Kill 4 Players Defense
   Defense                  Defense                  Time % Phy DF OF 
 1 Raman Hrabarenka         Conor Allen              60     1   2  2  
 2 Magnus Nygren            Jordan Oesterle          40     1   2  2  

Penalty Kill - 3 Players Forward 
   Forward                                           Time % Phy DF OF 
 1 Marko Dano                                        60     1   2  2  
 2 Dennis Everberg                                   40     1   2  2  

Penalty Kill - 3 Players Defense
   Defense                  Defense                  Time % Phy DF OF 
 1 Raman Hrabarenka         Conor Allen              60     1   2  2  
 2 Magnus Nygren            Jordan Oesterle          40     1   2  2  

4 vs 4 Forward 
   Center                   Wing                     Time % Phy DF OF 
 1 Marko Dano               Dennis Everberg          60     1   2  2  
 2 Kevin Porter             Borna Rendulic           40     1   2  2  

4 vs 4 Defense
   Defense                  Defense                  Time % Phy DF OF 
 1 Raman Hrabarenka         Conor Allen              60     1   2  2  
 2 Magnus Nygren            Jordan Oesterle          40     1   2  2  

Last Minutes Offensive
   Center                   Left Wing                Right Wing               Defense                  Defense                  
   Marko Dano               Dennis Everberg          Kevin Porter             Raman Hrabarenka         Conor Allen              

Last Minutes Defensive
   Center                   Left Wing                Right Wing               Defense                  Defense                  
   Marko Dano               Dennis Everberg          Kevin Porter             Raman Hrabarenka         Conor Allen              

Goaltenders
Starting : Connor Hellebuyck        
Backup : Philipp Grubauer         

Extra Forwards
Normal : Buddy Robinson, Kael Mouillierat, Marc Hagel - PP : Buddy Robinson, Kael Mouillierat - PK : Marc Hagel
Extra Defensemen
Normal : Johan Alm, Kevin Czuczman, Beau Schmitz - PP : Johan Alm - PK : Kevin Czuczman, Beau Schmitz
Penalty Shots
Marko Dano, Dennis Everberg, Kevin Porter, Borna Rendulic, Cole Schneider

Reign

5 vs 5 Forward 
   Center                   Left Wing                Right Wing               Time % Phy DF OF 
 1 William Karlsson         Luke Gazdic              Teuvo Teravainen         35     1   2  2  
 2 Brett Olson              Jason Jaffray            Tom Kostopoulos          30     1   2  2  
 3 C.J. Stretch             Cody Beach               Brian McGrattan          22     1   2  2  
 4 Luke Gazdic              Tom Kostopoulos          Matej Stransky           13     1   2  2  

5 vs 5 Defense 
   Defense                  Defense                                           Time % Phy DF OF 
 1 Kevin Bieksa             Justin Falk                                       35     1   2  2  
 2 Nathan Paetsch           Derek Forbort                                     30     1   2  2  
 3 Davis Drewiske           Taylor Doherty                                    22     1   2  2  
 4 Evan Oberg               Kevin Bieksa                                      13     1   2  2  

PowerPlay Forward 
   Center                   Left Wing                Right Wing               Time % Phy DF OF 
 1 Brian McGrattan          Luke Gazdic              William Karlsson         60     1   2  2  
 2 Brett Olson              Jason Jaffray            Tom Kostopoulos          40     1   2  2  

PowerPlay Defense
   Defense                  Defense                                           Time % Phy DF OF 
 1 Kevin Bieksa             Justin Falk                                       60     1   2  2  
 2 Nathan Paetsch           Derek Forbort                                     40     1   2  2  

Penalty Kill 4 Players Forward 
   Center                   Wing                     Time % Phy DF OF 
 1 Teuvo Teravainen         C.J. Stretch             60     1   2  2  
 2 Tom Kostopoulos          Luke Gazdic              40     1   2  2  

Penalty Kill 4 Players Defense
   Defense                  Defense                  Time % Phy DF OF 
 1 Kevin Bieksa             Justin Falk              60     1   2  2  
 2 Nathan Paetsch           Derek Forbort            40     1   2  2  

Penalty Kill - 3 Players Forward 
   Forward                                           Time % Phy DF OF 
 1 Luke Gazdic                                       60     1   2  2  
 2 Tom Kostopoulos                                   40     1   2  2  

Penalty Kill - 3 Players Defense
   Defense                  Defense                  Time % Phy DF OF 
 1 Kevin Bieksa             Justin Falk              60     1   2  2  
 2 Nathan Paetsch           Derek Forbort            40     1   2  2  

4 vs 4 Forward 
   Center                   Wing                     Time % Phy DF OF 
 1 Brian McGrattan          William Karlsson         60     1   2  2  
 2 Tom Kostopoulos          Luke Gazdic              40     1   2  2  

4 vs 4 Defense
   Defense                  Defense                  Time % Phy DF OF 
 1 Kevin Bieksa             Justin Falk              60     1   2  2  
 2 Nathan Paetsch           Derek Forbort            40     1   2  2  

Last Minutes Offensive
   Center                   Left Wing                Right Wing               Defense                  Defense                  
   William Karlsson         Luke Gazdic              Teuvo Teravainen         Kevin Bieksa             Justin Falk              

Last Minutes Defensive
   Center                   Left Wing                Right Wing               Defense                  Defense                  
   William Karlsson         Luke Gazdic              Teuvo Teravainen         Kevin Bieksa             Justin Falk              

Goaltenders
Starting : Troy Grosenick           
Backup : Anthony Peters           

Extra Forwards
Normal : Jared Knight, Brian McGrattan, C.J. Stretch - PP : Jared Knight, Brian McGrattan - PK : C.J. Stretch
Extra Defensemen
Normal : Davis Drewiske, Taylor Doherty, Evan Oberg - PP : Davis Drewiske - PK : Taylor Doherty, Evan Oberg
Penalty Shots
Teuvo Teravainen, Jason Jaffray, Tom Kostopoulos, Luke Gazdic, Brian McGrattan

% Time on Ice - Bruins

Lines # - Real PCT - Wanted PCT - Time Play
Normal Forward
1 - 20% - 35% - 10:24
2 - 34% - 30% - 17:17
3 - 26% - 22% - 13:12
4 - 20% - 13% - 10:06
Normal Defense
1 - 28% - 35% - 14:24
2 - 32% - 30% - 16:28
3 - 28% - 22% - 14:18
4 - 11% - 13% - 5:49
PP Forward
1 - 41% - 60% - 0:49
2 - 59% - 40% - 1:10
PP Defense
1 - 56% - 60% - 1:07
2 - 44% - 40% - 0:52
PK Forward
1 - 88% - 60% - 6:13
2 - 12% - 40% - 0:49
PK Defense
1 - 63% - 60% - 4:25
2 - 37% - 40% - 2:37
PK3 Forward
1 - 0% - 60%
2 - 0% - 40%
PK3 Defense
1 - 0% - 60%
2 - 0% - 40%
44 Forward
1 - 100% - 60% - 5:00
2 - 0% - 40% - 0:00
44 Defense
1 - 59% - 60% - 2:58
2 - 41% - 40% - 2:02
Last Minute Offensive  - 0:00
Last Minute Defensive  - 0:00
Total
Forward - 65:00
Defense - 65:00

% Time on Ice - Reign

Lines # - Real PCT - Wanted PCT - Time Play
Normal Forward
1 - 29% - 35% - 14:56
2 - 29% - 30% - 14:40
3 - 29% - 22% - 14:59
4 - 13% - 13% - 6:24
Normal Defense
1 - 29% - 35% - 14:54
2 - 33% - 30% - 17:02
3 - 28% - 22% - 14:23
4 - 9% - 13% - 4:40
PP Forward
1 - 58% - 60% - 4:04
2 - 42% - 40% - 2:58
PP Defense
1 - 60% - 60% - 4:12
2 - 40% - 40% - 2:50
PK Forward
1 - 100% - 60% - 1:59
2 - 0% - 40% - 0:00
PK Defense
1 - 34% - 60% - 0:40
2 - 66% - 40% - 1:19
PK3 Forward
1 - 0% - 60%
2 - 0% - 40%
PK3 Defense
1 - 0% - 60%
2 - 0% - 40%
44 Forward
1 - 87% - 60% - 4:20
2 - 13% - 40% - 0:40
44 Defense
1 - 57% - 60% - 2:51
2 - 43% - 40% - 2:09
Last Minute Offensive  - 0:00
Last Minute Defensive  - 0:00
Total
Forward - 65:00
Defense - 65:00

Play by Play

1st period


0:01 of 1st period - William Karlsson wins face-off versus Marko Dano in neutral zone.
0:28 of 1st period - Snap shot by Dennis Everberg.
0:28 of 1st period - Shot Misses the Net.
0:30 of 1st period - Slapshot by Raman Hrabarenka.
0:30 of 1st period - Shot Blocked by Teuvo Teravainen.
0:32 of 1st period - Snap shot by Kevin Porter.
0:32 of 1st period - Shot Misses the Net.
0:34 of 1st period - Wrist shot by Conor Allen.
0:34 of 1st period - Shot Misses the Net.
0:54 of 1st period - Jason Jaffray is hit by Conor Allen and loses puck.
1:00 of 1st period - Off-side.
1:01 of 1st period - Jason Jaffray wins face-off versus Kael Mouillierat in neutral zone.
1:56 of 1st period - Snap shot by Borna Rendulic.
1:56 of 1st period - Shot Misses the Net.
1:58 of 1st period - Snap shot by Borna Rendulic.
1:58 of 1st period - Stopped by Troy Grosenick with a rebound.
2:00 of 1st period - Wrist shot by Borna Rendulic.
2:00 of 1st period - Shot Misses the Net.
2:02 of 1st period - Wrist shot by Andrew Agozzino.
2:02 of 1st period - Shot Misses the Net.
2:04 of 1st period - Slapshot by Cole Schneider.
2:04 of 1st period - Stopped by Troy Grosenick with a rebound.
2:06 of 1st period - Slapshot by Johan Alm.
2:06 of 1st period - Shot Blocked by Davis Drewiske.
2:08 of 1st period - Snap shot by Cole Schneider.
2:08 of 1st period - Stopped by Troy Grosenick without a rebound.
2:09 of 1st period - Dennis Rasmussen wins face-off versus C.J. Stretch in Reign zone.
3:01 of 1st period - Slapshot by Andrew Agozzino.
3:01 of 1st period - Shot Blocked by Brian McGrattan.
3:28 of 1st period - Brian McGrattan beats up Buddy Robinson.
3:28 of 1st period - Penalty to Brian McGrattan for Fighting.
3:28 of 1st period - Penalty to Buddy Robinson for Fighting.
3:28 of 1st period - Penalty to Buddy Robinson for instigated a fight.
3:28 of 1st period - Penalty to Buddy Robinson for instigated a fight.
3:29 of 1st period - Jared Knight wins face-off versus Marko Dano in neutral zone.
3:32 of 1st period - Raman Hrabarenka is hit by Jared Knight and loses puck.
3:37 of 1st period - Slapshot by Kevin Bieksa.
3:37 of 1st period - Shot Misses the Net.
3:43 of 1st period - Wrist shot by William Karlsson.
3:43 of 1st period - Stopped by Connor Hellebuyck without a rebound.
3:44 of 1st period - Jared Knight wins face-off versus Marko Dano in Bruins zone.
3:51 of 1st period - Slapshot by Kevin Bieksa.
3:51 of 1st period - Shot Misses the Net.
4:25 of 1st period - Slapshot by Kevin Bieksa.
4:25 of 1st period - Shot Blocked by Conor Allen.
4:27 of 1st period - Wrist shot by Jason Jaffray.
4:27 of 1st period - Stopped by Connor Hellebuyck with a rebound.
5:16 of 1st period - Slapshot by Kevin Bieksa.
5:16 of 1st period - Stopped by Connor Hellebuyck without a rebound.
5:17 of 1st period - Jared Knight wins face-off versus Marko Dano in Bruins zone.
5:28 of 1st period - Penalty to Buddy Robinson is over, Marc Hagel is send on ice.
6:40 of 1st period - Cole Schneider is hit by Teuvo Teravainen and loses puck.
6:45 of 1st period - Wrist shot by Luke Gazdic.
6:45 of 1st period - Shot Hit the Post.
7:02 of 1st period - Icing by Andrew Agozzino.
7:03 of 1st period - Andrew Agozzino wins face-off versus C.J. Stretch in Bruins zone.
7:19 of 1st period - Snap shot by Teuvo Teravainen.
7:19 of 1st period - Shot Blocked by Cole Schneider.
7:51 of 1st period - Jared Knight is hit by Andrew Cherniwchan and loses puck.
8:15 of 1st period - Luke Gazdic is hit by Raman Hrabarenka and loses puck.
8:41 of 1st period - Raman Hrabarenka is hit by Derek Forbort.
9:16 of 1st period - Nathan Paetsch is hit by Dennis Rasmussen and loses puck.
10:23 of 1st period - Cody Beach is hit by Marko Dano and loses puck.
11:00 of 1st period - Slapshot by Andrew Agozzino.
11:00 of 1st period - Stopped by Troy Grosenick with a rebound.
11:10 of 1st period - Kevin Porter is hit by William Karlsson and loses puck.
12:06 of 1st period - Luke Gazdic is hit by Dennis Rasmussen and loses puck.
12:34 of 1st period - Icing by Derek Forbort.
12:35 of 1st period - Kael Mouillierat wins face-off versus C.J. Stretch in Reign zone.
13:06 of 1st period - Raman Hrabarenka is hit by Derek Forbort and loses puck.
13:25 of 1st period - Andrew Agozzino is hit by Jason Jaffray and loses puck.
13:48 of 1st period - Wrist shot by Kevin Porter.
13:48 of 1st period - Stopped by Troy Grosenick with a rebound.
13:54 of 1st period - Slapshot by Justin Falk.
13:54 of 1st period - Shot Hit the Post.
13:56 of 1st period - Snap shot by Jason Jaffray.
13:56 of 1st period - Shot Misses the Net.
14:48 of 1st period - Snap shot by Kael Mouillierat.
14:48 of 1st period - Shot Misses the Net.
15:00 of 1st period - Johan Alm is hit by Luke Gazdic and loses puck.
15:15 of 1st period - Snap shot by Jason Jaffray.
15:15 of 1st period - Shot Blocked by Johan Alm.
15:17 of 1st period - Wrist shot by Kevin Bieksa.
15:17 of 1st period - Stopped by Connor Hellebuyck without a rebound.
15:18 of 1st period - Brett Olson wins face-off versus Andrew Agozzino in Bruins zone.
15:47 of 1st period - Magnus Nygren is hit by Cody Beach and loses puck.
16:06 of 1st period - Minor Penalty to Marko Dano for Roughing.
16:07 of 1st period - Kevin Porter wins face-off versus Brian McGrattan in Bruins zone.
17:05 of 1st period - Snap shot by Justin Falk.
17:05 of 1st period - Stopped by Connor Hellebuyck with a rebound.
17:07 of 1st period - Slapshot by Justin Falk.
17:07 of 1st period - Stopped by Connor Hellebuyck with a rebound.
17:09 of 1st period - Slapshot by Kevin Bieksa.
17:09 of 1st period - Shot Misses the Net.
17:11 of 1st period - Slapshot by Justin Falk.
17:11 of 1st period - Deflect By Kevin Porter.
17:11 of 1st period - Stopped by Connor Hellebuyck without a rebound.
17:12 of 1st period - Brian McGrattan wins face-off versus Andrew Cherniwchan in Bruins zone.
17:31 of 1st period - Snap shot by Jason Jaffray.
17:31 of 1st period - Shot Blocked by Andrew Cherniwchan.
17:33 of 1st period - Slapshot by Kevin Bieksa.
17:33 of 1st period - Shot Blocked by Cole Schneider.
17:53 of 1st period - Cole Schneider is hit by Luke Gazdic and loses puck.
18:06 of 1st period - Penalty to Marko Dano is over, Marko Dano is back on ice.
18:26 of 1st period - Cole Schneider is hit by Kevin Bieksa and loses puck.
18:28 of 1st period - 10 Minutes Misconduct Penalty to Buddy Robinson is over.
18:47 of 1st period - Wrist shot by Kael Mouillierat.
18:47 of 1st period - Shot Misses the Net.
18:59 of 1st period - Slapshot by Kael Mouillierat.
18:59 of 1st period - Shot Blocked by Nathan Paetsch.
19:11 of 1st period - Minor Penalty to Dennis Rasmussen for Holding.
19:12 of 1st period - Jason Jaffray wins face-off versus Marko Dano in Bruins zone.
19:21 of 1st period - Snap shot by Brett Olson.
19:21 of 1st period - Shot Misses the Net.
Goals for this period are 0 for Bruins vs 0 for Reign.
Shots for this period are 5 for Bruins vs 7 for Reign.

2nd period


0:01 of 2nd period - Brian McGrattan wins face-off versus Marko Dano in neutral zone.
0:14 of 2nd period - Slapshot by Kevin Bieksa.
0:14 of 2nd period - Shot Blocked by Conor Allen.
0:16 of 2nd period - Snap shot by Kevin Bieksa.
0:16 of 2nd period - Goal by Kevin Bieksa - Bruins : 0 - Reign : 1.
0:17 of 2nd period - William Karlsson wins face-off versus Marko Dano in neutral zone.
1:16 of 2nd period - Derek Forbort is hit by Conor Allen.
1:52 of 2nd period - Snap shot by Kael Mouillierat.
1:52 of 2nd period - Stopped by Troy Grosenick with a rebound.
2:12 of 2nd period - Marc Hagel is hit by Brian McGrattan and loses puck.
2:19 of 2nd period - Derek Forbort is hit by Beau Schmitz and loses puck.
2:42 of 2nd period - Slapshot by Luke Gazdic.
2:42 of 2nd period - Shot Misses the Net.
2:44 of 2nd period - Slapshot by Davis Drewiske.
2:44 of 2nd period - Stopped by Connor Hellebuyck with a rebound.
2:46 of 2nd period - Wrist shot by Davis Drewiske.
2:46 of 2nd period - Stopped by Connor Hellebuyck with a rebound.
2:48 of 2nd period - Slapshot by Davis Drewiske.
2:48 of 2nd period - Stopped by Connor Hellebuyck with a rebound.
2:57 of 2nd period - Icing by Beau Schmitz.
2:58 of 2nd period - Dennis Rasmussen wins face-off versus Luke Gazdic in Bruins zone.
3:03 of 2nd period - Luke Gazdic is hit by Dennis Rasmussen and loses puck.
4:11 of 2nd period - Minor Penalty to Cody Beach for Tripping.
4:12 of 2nd period - Andrew Agozzino wins face-off versus Teuvo Teravainen in Reign zone.
4:16 of 2nd period - Slapshot by Borna Rendulic.
4:16 of 2nd period - Stopped by Troy Grosenick with a rebound.
4:56 of 2nd period - Snap shot by Marko Dano.
4:56 of 2nd period - Shot Blocked by Derek Forbort.
5:45 of 2nd period - Wrist shot by Jason Jaffray.
5:45 of 2nd period - Stopped by Connor Hellebuyck without a rebound.
5:46 of 2nd period - Andrew Agozzino wins face-off versus William Karlsson in Bruins zone.
6:11 of 2nd period - Penalty to Cody Beach is over, Cody Beach is back on ice.
6:29 of 2nd period - Wrist shot by Luke Gazdic.
6:29 of 2nd period - Shot Blocked by Magnus Nygren.
6:47 of 2nd period - Jordan Oesterle is hit by Matej Stransky and loses puck.
7:08 of 2nd period - Taylor Doherty is hit by Marc Hagel and loses puck.
7:23 of 2nd period - Snap shot by Tom Kostopoulos.
7:23 of 2nd period - Stopped by Connor Hellebuyck with a rebound.
8:25 of 2nd period - Icing by Teuvo Teravainen.
8:26 of 2nd period - William Karlsson wins face-off versus Marko Dano in Reign zone.
8:56 of 2nd period - Slapshot by Derek Forbort.
8:56 of 2nd period - Deflect By Brett Olson.
8:56 of 2nd period - Stopped by Connor Hellebuyck with a rebound.
8:58 of 2nd period - Snap shot by Tom Kostopoulos.
8:58 of 2nd period - Stopped by Connor Hellebuyck with a rebound.
9:35 of 2nd period - Off-side.
9:36 of 2nd period - Brett Olson wins face-off versus Andrew Agozzino in neutral zone.
9:43 of 2nd period - Wrist shot by Jason Jaffray.
9:43 of 2nd period - Stopped by Connor Hellebuyck with a rebound.
10:26 of 2nd period - Derek Forbort is hit by Conor Allen and loses puck.
11:30 of 2nd period - Borna Rendulic is hit by Tom Kostopoulos and loses puck.
11:43 of 2nd period - Raman Hrabarenka is hit by Cody Beach and loses puck.
12:20 of 2nd period - Kevin Bieksa is hit by Marc Hagel and loses puck.
13:20 of 2nd period - Slapshot by Marko Dano.
13:20 of 2nd period - Shot Misses the Net.
14:32 of 2nd period - Wrist shot by Johan Alm.
14:32 of 2nd period - Deflect By Buddy Robinson.
14:32 of 2nd period - Stopped by Troy Grosenick with a rebound.
14:42 of 2nd period - Kevin Porter is hit by Cody Beach and loses puck.
16:35 of 2nd period - Slapshot by Andrew Cherniwchan.
16:35 of 2nd period - Stopped by Troy Grosenick with a rebound.
17:03 of 2nd period - Snap shot by Andrew Agozzino.
17:03 of 2nd period - Shot Misses the Net.
17:05 of 2nd period - Slapshot by Magnus Nygren.
17:05 of 2nd period - Deflect By Andrew Agozzino.
17:05 of 2nd period - Shot Misses the Net.
17:05 of 2nd period - Puck is out of play.
17:06 of 2nd period - Andrew Agozzino wins face-off versus Luke Gazdic in Reign zone.
17:07 of 2nd period - Slapshot by Borna Rendulic.
17:07 of 2nd period - Shot Misses the Net.
17:09 of 2nd period - Snap shot by Borna Rendulic.
17:09 of 2nd period - Shot Misses the Net.
17:45 of 2nd period - Backhand shot by Dennis Everberg.
17:45 of 2nd period - Goal by Dennis Everberg - Bruins : 1 - Reign : 1.
17:46 of 2nd period - Andrew Agozzino wins face-off versus Brett Olson in neutral zone.
17:51 of 2nd period - Tom Kostopoulos is hit by Kevin Czuczman and loses puck.
18:50 of 2nd period - Wrist shot by William Karlsson.
18:50 of 2nd period - Shot Misses the Net.
Goals for this period are 1 for Bruins vs 1 for Reign.
Shots for this period are 5 for Bruins vs 9 for Reign.

3rd period


0:01 of 3rd period - William Karlsson wins face-off versus Marko Dano in neutral zone.
0:05 of 3rd period - Minor Penalty to Dennis Everberg for High sticking.
0:06 of 3rd period - Marko Dano wins face-off versus Brian McGrattan in Bruins zone.
0:42 of 3rd period - Slapshot by Justin Falk.
0:42 of 3rd period - Deflect By Marko Dano.
0:42 of 3rd period - Stopped by Connor Hellebuyck without a rebound.
0:43 of 3rd period - Brett Olson wins face-off versus Marko Dano in Bruins zone.
1:00 of 3rd period - Wrist shot by Jason Jaffray.
1:00 of 3rd period - Shot Blocked by Magnus Nygren.
1:02 of 3rd period - Snap shot by Brett Olson.
1:02 of 3rd period - Shot Misses the Net.
1:10 of 3rd period - Wrist shot by Tom Kostopoulos.
1:10 of 3rd period - Stopped by Connor Hellebuyck with a rebound.
1:12 of 3rd period - Snap shot by Jason Jaffray.
1:12 of 3rd period - Stopped by Connor Hellebuyck with a rebound.
1:14 of 3rd period - Slapshot by Derek Forbort.
1:14 of 3rd period - Shot Blocked by Magnus Nygren.
1:16 of 3rd period - Wrist shot by Jason Jaffray.
1:16 of 3rd period - Stopped by Connor Hellebuyck with a rebound.
1:34 of 3rd period - Magnus Nygren is hit by William Karlsson and loses puck.
1:39 of 3rd period - Slapshot by Kevin Bieksa.
1:39 of 3rd period - Shot Misses the Net.
2:05 of 3rd period - Penalty to Dennis Everberg is over, Dennis Everberg is back on ice.
2:19 of 3rd period - Kevin Bieksa is hit by Jordan Oesterle.
3:18 of 3rd period - Raman Hrabarenka beats up Luke Gazdic.
3:18 of 3rd period - Penalty to Luke Gazdic for Fighting.
3:18 of 3rd period - Penalty to Raman Hrabarenka for Fighting.
3:19 of 3rd period - Jared Knight wins face-off versus Kael Mouillierat in Bruins zone.
3:20 of 3rd period - Wrist shot by Kevin Bieksa.
3:20 of 3rd period - Stopped by Connor Hellebuyck without a rebound.
3:21 of 3rd period - Buddy Robinson wins face-off versus Jared Knight in Bruins zone.
3:34 of 3rd period - Slapshot by Kevin Bieksa.
3:34 of 3rd period - Shot Misses the Net.
3:38 of 3rd period - Slapshot by Matej Stransky.
3:38 of 3rd period - Shot Misses the Net.
3:40 of 3rd period - Slapshot by Kevin Bieksa.
3:40 of 3rd period - Shot Misses the Net.
3:49 of 3rd period - Matej Stransky beats up Buddy Robinson.
3:49 of 3rd period - Penalty to Matej Stransky for Fighting.
3:49 of 3rd period - Penalty to Buddy Robinson for Fighting.
3:50 of 3rd period - Teuvo Teravainen wins face-off versus Marko Dano in Bruins zone.
3:57 of 3rd period - Wrist shot by William Karlsson.
3:57 of 3rd period - Shot Misses the Net.
4:54 of 3rd period - Snap shot by Cole Schneider.
4:54 of 3rd period - Stopped by Troy Grosenick with a rebound.
4:56 of 3rd period - Snap shot by Andrew Agozzino.
4:56 of 3rd period - Shot Misses the Net.
4:58 of 3rd period - Slapshot by Jordan Oesterle.
4:58 of 3rd period - Stopped by Troy Grosenick without a rebound.
4:59 of 3rd period - Kael Mouillierat wins face-off versus C.J. Stretch in Reign zone.
5:21 of 3rd period - Slapshot by Dennis Everberg.
5:21 of 3rd period - Shot Misses the Net.
6:31 of 3rd period - Snap shot by Andrew Cherniwchan.
6:31 of 3rd period - Stopped by Troy Grosenick with a rebound.
6:33 of 3rd period - Snap shot by Dennis Rasmussen.
6:33 of 3rd period - Stopped by Troy Grosenick with a rebound.
6:35 of 3rd period - Slapshot by Marko Dano.
6:35 of 3rd period - Stopped by Troy Grosenick with a rebound.
6:37 of 3rd period - Slapshot by Johan Alm.
6:37 of 3rd period - Shot Misses the Net.
6:39 of 3rd period - Slapshot by Johan Alm.
6:39 of 3rd period - Shot Misses the Net.
6:55 of 3rd period - Kevin Bieksa is hit by Marc Hagel and loses puck.
7:38 of 3rd period - Borna Rendulic is hit by Evan Oberg and loses puck.
7:39 of 3rd period - Borna Rendulic from Bruins is injured at 7:39 of 3rd period (Bruised Left Foot).
7:40 of 3rd period - Marko Dano wins face-off versus William Karlsson in Bruins zone.
9:15 of 3rd period - Wrist shot by C.J. Stretch.
9:15 of 3rd period - Shot Misses the Net.
9:38 of 3rd period - Wrist shot by Cody Beach.
9:38 of 3rd period - Stopped by Connor Hellebuyck with a rebound.
9:40 of 3rd period - Slapshot by Nathan Paetsch.
9:40 of 3rd period - Shot Blocked by Raman Hrabarenka.
9:42 of 3rd period - Slapshot by Nathan Paetsch.
9:42 of 3rd period - Stopped by Connor Hellebuyck without a rebound.
9:43 of 3rd period - Marc Hagel wins face-off versus William Karlsson in Bruins zone.
9:43 of 3rd period - Marc Hagel is hit by Davis Drewiske.
9:56 of 3rd period - Buddy Robinson beats up Luke Gazdic.
9:56 of 3rd period - Penalty to Luke Gazdic for Fighting.
9:56 of 3rd period - Penalty to Buddy Robinson for Fighting.
9:56 of 3rd period - Buddy Robinson is ejected from game.
9:57 of 3rd period - Andrew Agozzino wins face-off versus William Karlsson in Bruins zone.
10:55 of 3rd period - Cole Schneider is hit by Brett Olson and loses puck.
11:14 of 3rd period - Wrist shot by Jason Jaffray.
11:14 of 3rd period - Shot Blocked by Kevin Czuczman.
11:44 of 3rd period - Slapshot by Dennis Everberg.
11:44 of 3rd period - Deflect By Marko Dano.
11:44 of 3rd period - Stopped by Troy Grosenick with a rebound.
12:22 of 3rd period - Wrist shot by Marko Dano.
12:22 of 3rd period - Stopped by Troy Grosenick with a rebound.
12:47 of 3rd period - Teuvo Teravainen is hit by Kael Mouillierat and loses puck.
12:53 of 3rd period - Off-side.
12:54 of 3rd period - William Karlsson wins face-off versus Dennis Rasmussen in neutral zone.
13:08 of 3rd period - Wrist shot by Marko Dano.
13:08 of 3rd period - Stopped by Troy Grosenick with a rebound.
13:50 of 3rd period - Marko Dano is hit by Tom Kostopoulos.
14:21 of 3rd period - Slapshot by Brian McGrattan.
14:21 of 3rd period - Shot Misses the Net.
14:25 of 3rd period - Snap shot by Cody Beach.
14:25 of 3rd period - Shot Misses the Net.
14:27 of 3rd period - Snap shot by Taylor Doherty.
14:27 of 3rd period - Deflect By Dennis Everberg.
14:27 of 3rd period - Stopped by Connor Hellebuyck with a rebound.
14:29 of 3rd period - Snap shot by Brian McGrattan.
14:29 of 3rd period - Shot Misses the Net.
14:31 of 3rd period - Snap shot by Brian McGrattan.
14:31 of 3rd period - Stopped by Connor Hellebuyck with a rebound.
14:55 of 3rd period - Snap shot by William Karlsson.
14:55 of 3rd period - Stopped by Connor Hellebuyck with a rebound.
15:17 of 3rd period - Slapshot by Kevin Porter.
15:17 of 3rd period - Stopped by Troy Grosenick with a rebound.
15:19 of 3rd period - Slapshot by Magnus Nygren.
15:19 of 3rd period - Stopped by Troy Grosenick with a rebound.
15:21 of 3rd period - Wrist shot by Andrew Cherniwchan.
15:21 of 3rd period - Shot Misses the Net.
15:23 of 3rd period - Slapshot by Magnus Nygren.
15:23 of 3rd period - Deflect By Andrew Cherniwchan.
15:23 of 3rd period - Stopped by Troy Grosenick with a rebound.
15:25 of 3rd period - Slapshot by Dennis Rasmussen.
15:25 of 3rd period - Stopped by Troy Grosenick with a rebound.
15:27 of 3rd period - Slapshot by Jordan Oesterle.
15:27 of 3rd period - Deflect By Kevin Porter.
15:27 of 3rd period - Stopped by Troy Grosenick with a rebound.
15:29 of 3rd period - Slapshot by Andrew Cherniwchan.
15:29 of 3rd period - Shot Blocked by Davis Drewiske.
15:31 of 3rd period - Snap shot by Kevin Porter.
15:31 of 3rd period - Stopped by Troy Grosenick without a rebound.
15:32 of 3rd period - Cole Schneider wins face-off versus William Karlsson in Reign zone.
15:33 of 3rd period - Snap shot by Andrew Agozzino.
15:33 of 3rd period - Deflect By Kevin Bieksa.
15:33 of 3rd period - Shot Misses the Net.
15:33 of 3rd period - Puck is out of play.
15:34 of 3rd period - Andrew Agozzino wins face-off versus William Karlsson in Reign zone.
15:37 of 3rd period - Slapshot by Cole Schneider.
15:37 of 3rd period - Shot Misses the Net.
15:46 of 3rd period - Icing by Marko Dano.
15:47 of 3rd period - William Karlsson wins face-off versus Andrew Agozzino in Bruins zone.
15:56 of 3rd period - Snap shot by Luke Gazdic.
15:56 of 3rd period - Stopped by Connor Hellebuyck with a rebound.
16:14 of 3rd period - Snap shot by Brian McGrattan.
16:14 of 3rd period - Shot Misses the Net.
16:16 of 3rd period - Snap shot by Kevin Bieksa.
16:16 of 3rd period - Stopped by Connor Hellebuyck with a rebound.
16:18 of 3rd period - Slapshot by Kevin Bieksa.
16:18 of 3rd period - Stopped by Connor Hellebuyck without a rebound.
16:19 of 3rd period - Andrew Agozzino wins face-off versus C.J. Stretch in Bruins zone.
16:19 of 3rd period - Andrew Agozzino is hit by Derek Forbort.
16:27 of 3rd period - Derek Forbort is hit by Cole Schneider and loses puck.
17:44 of 3rd period - Kevin Bieksa is hit by Conor Allen and loses puck.
18:20 of 3rd period - Johan Alm is hit by Taylor Doherty.
18:29 of 3rd period - Off-side.
18:30 of 3rd period - Andrew Cherniwchan wins face-off versus C.J. Stretch in neutral zone.
18:41 of 3rd period - Snap shot by Kevin Porter.
18:41 of 3rd period - Shot Hit the Post.
18:49 of 3rd period - Wrist shot by C.J. Stretch.
18:49 of 3rd period - Shot Misses the Net.
18:51 of 3rd period - Wrist shot by Davis Drewiske.
18:51 of 3rd period - Deflect By Cody Beach.
18:51 of 3rd period - Shot Misses the Net.
18:51 of 3rd period - Puck is out of play.
18:52 of 3rd period - Cole Schneider wins face-off versus Brett Olson in Bruins zone.
19:03 of 3rd period - Snap shot by Kael Mouillierat.
19:03 of 3rd period - Shot Blocked by Tom Kostopoulos.
19:49 of 3rd period - Marko Dano is hit by Luke Gazdic.
19:53 of 3rd period - Snap shot by Marko Dano.
19:53 of 3rd period - Shot Misses the Net.
Goals for this period are 0 for Bruins vs 0 for Reign.
Shots for this period are 14 for Bruins vs 13 for Reign.

Overtime #1


0:01 of 1st overtime period - William Karlsson wins face-off versus Marko Dano in neutral zone.
0:12 of 1st overtime period - Slapshot by William Karlsson.
0:12 of 1st overtime period - Stopped by Connor Hellebuyck with a rebound.
0:14 of 1st overtime period - Snap shot by Justin Falk.
0:14 of 1st overtime period - Shot Misses the Net.
0:16 of 1st overtime period - Slapshot by Justin Falk.
0:16 of 1st overtime period - Shot Blocked by Marko Dano.
0:24 of 1st overtime period - Wrist shot by William Karlsson.
0:24 of 1st overtime period - Shot Misses the Net.
0:26 of 1st overtime period - Wrist shot by Justin Falk.
0:26 of 1st overtime period - Shot Misses the Net.
0:28 of 1st overtime period - Slapshot by Justin Falk.
0:28 of 1st overtime period - Stopped by Connor Hellebuyck with a rebound.
0:30 of 1st overtime period - Wrist shot by Brian McGrattan.
0:30 of 1st overtime period - Stopped by Connor Hellebuyck with a rebound.
0:32 of 1st overtime period - Snap shot by Kevin Bieksa.
0:32 of 1st overtime period - Shot Blocked by Raman Hrabarenka.
0:34 of 1st overtime period - Slapshot by Kevin Bieksa.
0:34 of 1st overtime period - Shot Blocked by Raman Hrabarenka.
0:36 of 1st overtime period - Slapshot by Justin Falk.
0:36 of 1st overtime period - Stopped by Connor Hellebuyck without a rebound.
0:37 of 1st overtime period - Brian McGrattan wins face-off versus Marko Dano in Bruins zone.
1:15 of 1st overtime period - Snap shot by Dennis Everberg.
1:15 of 1st overtime period - Stopped by Troy Grosenick with a rebound.
2:24 of 1st overtime period - Slapshot by Justin Falk.
2:24 of 1st overtime period - Stopped by Connor Hellebuyck without a rebound.
2:25 of 1st overtime period - Marko Dano wins face-off versus Brian McGrattan in Bruins zone.
3:32 of 1st overtime period - Magnus Nygren is hit by Jared Knight and loses puck.
4:25 of 1st overtime period - Wrist shot by Tom Kostopoulos.
4:25 of 1st overtime period - Shot Misses the Net.
Goals for this period are 0 for Bruins vs 0 for Reign.
Shots for this period are 1 for Bruins vs 5 for Reign.

ShootOut


5:00 of 1st overtime period - Penalty Shot by Marko Dano for Bruins.
5:00 of 1st overtime period - Snap shot by Marko Dano.
5:00 of 1st overtime period - Shot Misses the Net.
5:00 of 1st overtime period - Penalty Shot by Teuvo Teravainen for Reign.
5:00 of 1st overtime period - Wrist shot by Teuvo Teravainen.
5:00 of 1st overtime period - Shot Misses the Net.
5:00 of 1st overtime period - Penalty Shot by Dennis Everberg for Bruins.
5:00 of 1st overtime period - Deke by Dennis Everberg.
5:00 of 1st overtime period - Stopped by Troy Grosenick.
5:00 of 1st overtime period - Penalty Shot by Jason Jaffray for Reign.
5:00 of 1st overtime period - Deke by Jason Jaffray.
5:00 of 1st overtime period - Stopped by Connor Hellebuyck.
5:00 of 1st overtime period - Penalty Shot by Kevin Porter for Bruins.
5:00 of 1st overtime period - Wrist shot by Kevin Porter.
5:00 of 1st overtime period - Shot Misses the Net.
5:00 of 1st overtime period - Penalty Shot by Tom Kostopoulos for Reign.
5:00 of 1st overtime period - Wrist shot by Tom Kostopoulos.
5:00 of 1st overtime period - Goal by Tom Kostopoulos.